 Dungeon Crawl Stone Soup version 0.30-a0-1082-g70414cbcbb (webtiles) character file.

Game seed: 14890759367454806685

793 BubbleThief the Cleaver (level 7, -1/64 HPs)
             Began as a Hill Orc Fighter on Apr 15, 2023.
             Was an Initiate of the Shining One.
             Slain by a wyvern (6 damage)
             ... on level 7 of the Dungeon.
             The game lasted 00:05:21 (2937 turns).

BubbleThief the Cleaver (Hill Orc Fighter)          Turns: 2937, Time: 00:05:22

Health: -1/64      AC:  8    Str: 21    XL:     7   Next: 88%
Magic:  7/7        EV:  9    Int:  8    God:    the Shining One [......]
Gold:   177        SH:  4    Dex: 10    Spells: 6/6 levels left

rFire   . . .      SeeInvis +    a - +0 war axe
rCold   . . .      Faith    .    c - +0 buckler
rNeg    . . .      Spirit   .    b - +0 scale mail
rPois   .          Reflect  .    (no helmet)
rElec   .          Rampage  .    (no cloak)
rCorr   .                        n - +0 pair of gloves
Will    .....                    (no boots) Stlth
                                 (no amulet)
HPRegen 0.30/turn                i - ring of see invisible
MPRegen 0.10/turn                (no ring)

@: glowing
A: no striking features
a: Renounce Religion


You were on level 7 of the Dungeon.
You worshipped the Shining One.
The Shining One was noncommittal.
You visited 2 branches of the dungeon, and saw 6 of its levels.
You also visited: Ossuary.

You collected 177 gold pieces.

Inventory:

Hand Weapons
 a - a +0 war axe (weapon)
Armour
 b - a +0 scale mail (worn)
 c - a +0 buckler (worn)
 n - a +0 pair of gloves (worn)
Jewellery
 i - a ring of see invisible (left hand)
Scrolls
 d - 2 scrolls of vulnerability
 f - a scroll of fear
 h - a scroll of identify
 j - 2 scrolls of fog
 o - 3 scrolls of teleportation {unknown}
Potions
 e - a potion of attraction
 g - 5 potions of curing
 k - a potion of heal wounds {unknown}
 l - 3 potions of haste
 m - a potion of experience {unknown}


   Skills:
 + Level 6.9 Fighting
 * Level 9.5 Axes
 - Level 3.2 Armour
 - Level 3.2 Shields


You had 6 spell levels left.
You didn't know any spells.
Your spell library contained the following spells:

 Spells                   Type           Power      Damage    Failure   Level
 Summon Guardian Golem    Hex/Summ       0%         N/A       99%         3
 Orb of Destruction       Conj           0%         9d5       100%        7
 Spellforged Servitor     Conj/Summ      0%         N/A       100%        7


Dungeon Overview and Level Annotations

Branches:
Dungeon (4/15)             Temple (1/1) D:4         Ossuary (visited)

Altars:
Ashenzari
Elyvilon
Hepliaklqana
Makhleb
Qazlal
Ru
Sif Muna
Uskayaw
The Shining One

Annotations:
D:3 Natasha


Message History

A wyvern comes into view.
Found 20 gold pieces.
The wyvern hisses angrily.
Okay, then.
You hit the wyvern but do no damage. The wyvern bites you!
You hit the wyvern.
The wyvern is lightly wounded.
The wyvern bites you! x2
You barely miss the wyvern.
The wyvern is lightly wounded.
The wyvern barely misses you.
You hit the wyvern.
The wyvern is moderately wounded.
The wyvern barely misses you. x2
You hit the wyvern but do no damage.
The wyvern is moderately wounded.
The wyvern barely misses you.
You hit the wyvern.
The wyvern is heavily wounded.
The wyvern barely misses you. The wyvern bites you.
You barely miss the wyvern.
The wyvern is heavily wounded.
The wyvern bites you.
* * * LOW HITPOINT WARNING * * *
You block the wyvern's attack.
You hit the wyvern but do no damage.
The wyvern is heavily wounded.
The wyvern bites you.
* * * LOW HITPOINT WARNING * * *
You barely miss the wyvern.
The wyvern is heavily wounded.
The wyvern barely misses you. The wyvern bites you!
* * * LOW HITPOINT WARNING * * *
You slash the wyvern!
The wyvern is almost dead.
The wyvern bites you but does no damage.
You hit the wyvern.
The wyvern is almost dead.
The wyvern bites you.
You die...

#. ###....# #..
#.....## ###
#..##.#....#. ... ###
#.l..=....... #.. ..#
#.......# #.# #.# #.#
#.# #.# #.# #.# #.#
#l# #.# #.# ####@#
##.#####.# ##.##.##
#........###......##
.....................+
#...#.#######.#...##.#
##.##.# ####### #
####.# #.# #.#


You could see a wyvern.

Vanquished Creatures
  An ogre (D:4)
  3 elf zombies (Ossuary)
  2 scorpions (D:4)
  A centaur zombie (Ossuary)
  A jelly (D:7)
  A sleepcap (D:7)
  A gnoll bouda (D:4)
  A human zombie (Ossuary)
  Natasha (D:3)
  2 mummies (Ossuary)
  4 adders
  5 gnolls (D:4)
  An adder zombie (Ossuary)
  A worm (D:2)
  2 dart slugs
  6 orcs
  3 ball pythons
  10 endoplasms
  6 giant cockroaches
  3 goblins
  9 hobgoblins
  4 jackals (D:3)
  2 quokkas
  4 bats
  2 frilled lizards
  2 goblin zombies (Ossuary)
  9 hobgoblin zombies (Ossuary)
  A jackal zombie (Ossuary)
  9 kobolds
  7 kobold zombies (Ossuary)
  11 orc zombies (Ossuary)
  3 rats
118 creatures vanquished.

Vanquished Creatures (others)
  2 kobolds (D:4)
  65 plants (D:4)
67 creatures vanquished.

Grand Total: 185 creatures vanquished

Notes
Turn   | Place    | Note
-------+----------+-------------------------------------------
     0 | D:1      | BubbleThief the Hill Orc Fighter began the quest for the
                  | Orb.
     0 | D:1      | Reached XP level 1. HP: 19/19 MP: 1/1
    30 | D:1      | Reached skill level 3 in Axes
    41 | D:1      | Reached XP level 2. HP: 27/27 MP: 2/2
   307 | D:1      | Reached skill level 4 in Axes
   312 | D:1      | Reached XP level 3. HP: 25/33 MP: 3/3
   860 | D:2      | Found a faded altar of an unknown god.
  1134 | D:2      | Reached XP level 4. HP: 41/41 MP: 4/4
  1142 | D:2      | Reached skill level 5 in Axes
  1168 | D:2      | Identified the staff of cold "Voakicwol" {rC+ Str+4 Dex+2
                  | Stlth+}
  1911 | D:3      | Noticed Natasha
  1918 | D:3      | Killed Natasha
  1919 | D:3      | Reached XP level 5. HP: 27/47 MP: 5/5
  1975 | D:3      | Noticed Natasha
  2007 | D:4      | Reached skill level 5 in Fighting
  2007 | D:4      | Reached skill level 6 in Axes
  2076 | D:4      | Reached XP level 6. HP: 23/56 MP: 6/6
  2081 | D:4      | Reached skill level 7 in Axes
  2227 | D:4      | Found a sand-covered staircase.
  2232 | Ossuary  | Entered an ossuary
  2399 | Ossuary  | Reached skill level 8 in Axes
  2399 | Ossuary  | Reached XP level 7. HP: 51/63 MP: 7/7
  2635 | D:4      | Found a staircase to the Ecumenical Temple.
  2645 | Temple   | Entered the Ecumenical Temple
  2657 | Temple   | Became a worshipper of the Shining One
  2696 | D:4      | Reached skill level 9 in Axes
  2834 | D:4      | You fall into a shaft and drop 3 floors!
  2923 | D:7      | Noticed a wyvern
  2937 | D:7      | Slain by a wyvern

Illustrated notes

Levels and vault maps discovered:
D:1:      beargit_arrival_greenhouse, layout_basic
D:2:      layout_basic, hellmonk_ecumenical_altar_crossroads, serial_rivers,
          chequers_serial_rivers_small_3, chequers_serial_rivers_large_a,
          chequers_serial_rivers_micro_b, chequers_serial_rivers_micro_a,
          chequers_serial_rivers_small_3, chequers_serial_rivers_small_a
D:3:      layout_rooms, grunt_temple_overflow_diamond, uniq_natasha
D:4:      kennysheep_kobold_camp, layout_gridville,
          nicolae_kikubaaqudgha_miasma_corner,
          nicolae_overflow_hallway_of_the_gods, minmay_temple_entry_mini_moons,
          nicolae_ossuary_entry_plus, feat_on_display
D:7:      minmay_recursive_quarters, layout_loops_corners
Temple:   hellmonk_temple_rainy

Skill      XL: |  1  2  3  4  5  6  7 |
---------------+----------------------+-----
Axes           | 3 4 5 6 8 9 |  9.5
Fighting       | 4 5 6 |  6.9
Armour         | |  3.2
Shields        | |  3.2

Action                     |  1- 3 |  4- 6 |  7- 9 || total
---------------------------+-------+-------+-------++-------
  Melee: War axe           |    94 |   154 |    52 ||   300
    Use: Scroll            |       |     6 |     3 ||     9
         Potion            |       |     1 |       ||     1
 Armour: Scale mail        |    47 |    68 |    23 ||   138
  Dodge: Dodged            |    47 |    76 |    17 ||   140
  Block: Buckler           |     9 |    41 |     8 ||    58

Table legend: (Time is in decaauts)
 A = Elapsed time spent in this place.
 B = Non-inter-level travel time spent in this place.
 C = Inter-level travel time spent in this place.
 D = Time resting spent in this place.
 E = Time spent auto-exploring this place.
 F = Levels seen in this place.
 G = Mean time per level.
                   A        B        C        D        E       F      G
               +--------+--------+--------+--------+--------+-----+--------+
         Total |   3023 |   2940 |     83 |    173 |   1975 |   7 |  431.9 |
       Dungeon |   2638 |   2566 |     72 |     97 |   1845 |   5 |  527.6 |
        Temple |     24 |     13 |     11 |      0 |      1 |   1 |   24.0 |
       Ossuary |    360 |    360 |      0 |     76 |    129 |   1 |  360.0 |
               +--------+--------+--------+--------+--------+-----+--------+

Top non-repeatable levels by time:
     D:2: 1119 daAuts
     D:1: 769 daAuts
     D:4: 473 daAuts
 Ossuary: 360 daAuts
     D:3: 172 daAuts
     D:7: 104 daAuts
  Temple: 24 daAuts
